 Dungeon Crawl Stone Soup version 0.24.0-123-gd5b16e6ec5 (webtiles) character file.

Game seed: 662088220576131275, levelgen mode: deterministic

296 Delamore the Chopper (level 6, -5/47 HPs)
             Began as a Formicid Fighter on Jan 10, 2020.
             Splashed by a jelly's acid (11 damage)
             ... on level 3 of the Dungeon.
             The game lasted 00:02:24 (2440 turns).

Delamore the Chopper (Formicid Fighter)             Turns: 2440, Time: 00:02:25

Health: -5/47      AC:  0    Str: 22    XL:     6   Next: 61%
Magic:  6/6        EV:  9    Int:  8    God:
Gold:   134        SH:  9    Dex: 10    Spells: 5/5 levels left

rFire    . . .     SeeInvis +   a - +0 war axe
rCold    . . .     Gourm    +   c - +0 shield
rNeg     . . .     Faith    .   b - +0 scale mail
rPois    .         Spirit   .   (helmet unavailable)
rElec    .         Reflect  .   (no cloak)
rCorr    .         Harm     .   (no gloves)
MR       .....                  w - +0 pair of boots
Stlth    +.........             l - amulet of the gourmand
HPRegen  0.15/turn              m - +1 ring of evasion
MPRegen  0.10/turn              p - ring of stealth

@: corroded
A: permanent stasis, dig shafts and tunnels, four strong arms, antennae 3
a: Dig, Shaft Self


You were on level 3 of the Dungeon.
You were not hungry.

You visited 1 branch of the dungeon, and saw 3 of its levels.

You collected 134 gold pieces.

Inventory:

Hand Weapons
 a - a +0 war axe (weapon)
Missiles
 g - 2 javelins
 r - 8 silver javelins (quivered)
Armour
 b - a +0 scale mail (worn)
 c - a +0 shield (worn)
 w - a +0 pair of boots (worn)
Jewellery
 l - an amulet of the gourmand (around neck)
 m - a +1 ring of evasion (left hand)
 p - a ring of stealth (right hand)
Scrolls
 h - 2 scrolls of fog {unknown}
 i - 5 scrolls of remove curse {unknown}
 j - 5 scrolls of identify {unknown}
 k - a scroll of immolation {unknown}
 n - 3 scrolls of fear {unknown}
 s - a scroll of amnesia {unknown}
 t - a scroll of noise {unknown}
 v - a scroll of enchant armour {unknown}
Potions
 d - 2 potions of might
 e - 6 potions of curing
 o - 4 potions of invisibility {unknown}
 q - a potion of heal wounds {unknown}
 u - a potion of haste {unknown}
Comestibles
 f - 11 rations


   Skills:
 - Level 3.2 Fighting
 + Level 6.5 Axes
 - Level 3.2 Armour
 - Level 3.6 Shields


You had 5 spell levels left.
You didn't know any spells.
Your spell library was empty.

Dungeon Overview and Level Annotations

Branches:
Dungeon (3/15)

Altars:
Elyvilon
Hepliaklqana
Makhleb
Wu Jian


Innate Abilities, Weirdness & Mutations

You cannot be hasted, slowed, berserked, paralysed or teleported.
You can dig through walls and to a lower floor.
Your four strong arms can wield two-handed weapons with a shield.
You have a pair of large antennae on your head. (SInv)


Message History

The jelly is severely wounded.
The jelly hits you.
You are splashed with acid!
Your shield prevents you from hitting the jelly.
The jelly is severely wounded.
You block the jelly's attack.
Your shield prevents you from hitting the jelly.
The jelly is severely wounded.
The jelly hits you but does no damage. The jelly hits you.
The acid corrodes you!
You are splashed with acid!
You hit the jelly.
Your hands burn!
The jelly is severely wounded.
The jelly hits you.
You are splashed with acid.
* * * LOW HITPOINT WARNING * * *
You hit the jelly but do no damage.
Your hands burn!
* * * LOW HITPOINT WARNING * * *
The jelly is severely wounded.
The jelly hits you.
* * * LOW HITPOINT WARNING * * *
You are splashed with acid!
You die...

#.#.. ##.....##
#.### #.......# #
### #.# #.......#
#. #.. #.#
#.......###.# ##.#
#.#
#.......##...###...
#.# #....####
#..)..... #.#
#....'..####.#.....
#.##
########.##.###....
...# ##@..)..####
#.†.. #..#
#J####### #.#.#
#..# #.J{PJPJ÷.
#.### #..#####
#...PJJ... #.# #
.........
#...PJP..÷
#####.### ...######
#.........
#...<.... .#.....
#.P÷......
#####.### .######
#....÷P.P$ #.# # .#
########## ..# #


You could see 2 jellies.

Vanquished Creatures
  Sigmund (D:3)
  A gnoll (D:1)
  4 adders
  An ooze (D:3)
  A worm (D:2)
  2 dart slugs
  6 leopard geckos
  5 orcs (D:3)
  6 bats
  4 giant cockroaches
  8 goblins
  3 hobgoblins
  2 jackals (D:1)
  A quokka (D:2)
  A ball python (D:3)
  6 frilled lizards
  12 kobolds
  2 rats (D:1)
66 creatures vanquished.

Vanquished Creatures (others)
  10 toadstools (D:3)
10 creatures vanquished.

Grand Total: 76 creatures vanquished

Notes
Turn   | Place    | Note
-------+----------+-------------------------------------------
     0 | D:1      | Delamore the Formicid Fighter began the quest for the Orb.
     0 | D:1      | Reached XP level 1. HP: 18/18 MP: 1/1
   104 | D:1      | Reached XP level 2. HP: 19/24 MP: 2/2
   365 | D:1      | Reached skill level 3 in Axes
   446 | D:1      | Reached XP level 3. HP: 17/29 MP: 3/3
   807 | D:2      | Reached skill level 4 in Axes
   807 | D:2      | Reached XP level 4. HP: 18/35 MP: 4/4
  1526 | D:2      | Found a hazy altar of Hepliaklqana.
  1526 | D:2      | Found a burning altar of Makhleb.
  1720 | D:2      | Found a white marble altar of Elyvilon.
  1849 | D:3      | Noticed Sigmund
  1869 | D:3      | Killed Sigmund
  1869 | D:3      | Reached skill level 6 in Axes
  1869 | D:3      | Reached XP level 5. HP: 7/41 MP: 5/5
  1869 | D:3      | Reached XP level 6. HP: 9/47 MP: 6/6
  2080 | D:3      | Found an ornate altar of the Wu Jian Council.
  2440 | D:3      | Splashed by a jelly's acid

Levels and vault maps discovered:
D:1:      tarquinn_simple_flora_water_b, layout_loops_ring, supply_closet_lemuel
D:2:      layout_basic, gammafunk_temple_overflow_statue,
          lemuel_coloured_pillars_altar, first_ration, kennysheep_nondescript,
          minmay_pentomino_x2
D:3:      cheibrodos_fertilizer, layout_loops_ring,
          nicolae_overflow_crystal_walls, uniq_sigmund

Skill      XL: |  1  2  3  4 |
---------------+-------------+-----
Axes           | 3 4 6 |  6.5
Fighting       | |  3.2
Armour         | |  3.2
Shields        | |  3.6

Action                   |  1- 3 |  4- 6 || total
-------------------------+-------+-------++-------
Melee: War axe           |   104 |   136 ||   240
  Use: Potion            |     1 |       ||     1
  Eat: Chunk             |       |    10 ||    10
Armor: Scale mail        |    45 |    44 ||    89
Dodge: Dodged            |    25 |    37 ||    62
Block: Shield            |    65 |    63 ||   128
